 Dungeon Crawl Stone Soup version 0.29-a0-1033-gb6c65ffae6 (webtiles) character file.

Game seed: 3364367002326991759

437 Wukaii the Grave Robber (level 6, -3/32 HPs)
             Began as a Deep Elf Necromancer on Aug 14, 2022.
             Slain by Duvessa
             ... wielding a +0 short sword
              (18 damage)
             ... on level 4 of the Dungeon.
             The game lasted 00:21:45 (5163 turns).

Wukaii the Grave Robber (Deep Elf Necromancer)      Turns: 5163, Time: 00:21:50

Health: -3/32      AC:  4    Str:  5    XL:     6   Next: 69%
Magic:  11/16      EV: 12    Int: 28    God:
Gold:   164        SH:  0    Dex: 15    Spells: 11/16 levels left

rFire   . . .      SeeInvis .   x - +2 whip (freeze)
rCold   . . .      Faith    .   (no shield)
rNeg    . . .      Spirit   .   a - +1 robe
rPois   +          Reflect  .   v - +0 helmet
rElec   .          Harm     .   (no cloak)
rCorr   .          Rampage  .   (no gloves)
Will    .....                   (no boots)
Stlth   ++........              (no amulet)
HPRegen 0.10/turn               c - ring of poison resistance
MPRegen 0.15/turn               t - +6 ring of intelligence

@: no status effects
A: no striking features
a: no special abilities


You were on level 4 of the Dungeon.
You visited 1 branch of the dungeon, and saw 5 of its levels.

You collected 164 gold pieces.

Inventory:

Hand Weapons
 e - a +0 dagger
 x - a +2 whip of freezing (weapon)
Missiles
 h - 8 boomerangs
 i - 9 poisoned darts
Armour
 a - a +1 robe (worn)
 v - a +0 helmet (worn)
Jewellery
 c - a ring of poison resistance (left hand)
 l - a ring of see invisible
 t - a +6 ring of intelligence (right hand)
 w - an amulet of the acrobat
Scrolls
 d - 3 scrolls of enchant armour
 f - 2 scrolls of teleportation
 o - 2 scrolls of identify
 s - a scroll of fear
Potions
 b - 2 potions of magic
 j - a potion of brilliance {unknown}
 k - 2 potions of flight {unknown}
 m - 2 potions of curing {unknown}
 n - 3 potions of heal wounds {unknown}
 p - a potion of haste {unknown}
 q - a potion of lignification {unknown}
 r - a potion of mutation {unknown}
 z - a potion of ambrosia {unknown}


   Skills:
 - Level 0.1 Short Blades
 - Level 0.1 Axes
 - Level 0.1 Polearms
 - Level 0.2 Ranged Weapons
 - Level 0.1 Throwing
 - Level 2.4 Dodging
 - Level 2.4 Stealth
 * Level 5.5 Spellcasting
 - Level 0.1 Conjurations
 - Level 0.2 Hexes
 - Level 0.1 Summonings
 + Level 5.8 Necromancy
 - Level 0.1 Translocations
 - Level 0.1 Transmutations
 - Level 0.1 Fire Magic
 - Level 0.1 Ice Magic
 - Level 0.1 Air Magic
 + Level 5.2 Earth Magic
 - Level 0.1 Poison Magic
 - Level 0.1 Invocations
 - Level 0.4 Evocations


You had 11 spell levels left.
You knew the following spells:

 Your Spells              Type           Power      Damage    Failure   Level
a - Necrotise             Necr           100%       1d9       1%          1
b - Animate Dead          Necr           40%        N/A       6%          4

Your spell library contained the following spells:

 Spells                   Type           Power      Damage    Failure   Level
 Vampiric Draining        Necr           40%        2d8       1%          3
 Agony                    Necr           40%        N/A       16%         5
 Borgnjor's Vile Clutch   Necr/Erth      19%        N/A       19%         5
 Summon Ice Beast         Ice/Summ       8%         N/A       52%         4
 Alistair's Intoxication  Tmut/Pois      5%         N/A       86%         5
 Summon Mana Viper        Hex/Summ       8%         N/A       86%         5
 Eringya's Noxious Bog    Tmut/Pois      4%         N/A       100%        6
 Monstrous Menagerie      Summ           4%         N/A       100%        7


Dungeon Overview and Level Annotations

Branches:
Dungeon (5/15)
 Temple: D:4-7

Altars:
Fedhas
Wu Jian

Annotations:
D:1 exclusion: downstairs
D:3 1 runed translucent door, Crazy Yiuf
D:4 Duvessa
D:5 Eustachio


Message History

Casting: Necrotise (safe; 1% risk of failure)
Confirm with . or Enter, or press ? or * to list all spells.
Aiming: Necrotise (safe; 1% risk of failure)
Press: ? - help, Shift-Dir - straight line, f - Duvessa
Aim: Duvessa, wielding a +0 short sword and wearing a +3 leather armour of cold resistance (berserk, chance to affect: 70%) Duvessa struggles to resist.
Casting: Necrotise (safe; 1% risk of failure)
Confirm with . or Enter, or press ? or * to list all spells.
Aiming: Necrotise (safe; 1% risk of failure)
Press: ? - help, Shift-Dir - straight line, f/p - Duvessa
Aim: Duvessa, wielding a +0 short sword and wearing a +3 leather armour of cold resistance (berserk, chance to affect: 70%) Duvessa writhes in agony!
Casting: Necrotise (safe; 1% risk of failure)
Confirm with . or Enter, or press ? or * to list all spells.
Aiming: Necrotise (safe; 1% risk of failure)
Press: ? - help, Shift-Dir - straight line, f/p - Duvessa
Aim: Duvessa, wielding a +0 short sword and wearing a +3 leather armour of cold resistance (lightly wounded, berserk, chance to affect: 70%) Duvessa writhes in agony.
Casting: Necrotise (safe; 1% risk of failure)
Confirm with . or Enter, or press ? or * to list all spells.
Aiming: Necrotise (safe; 1% risk of failure)
Press: ? - help, Shift-Dir - straight line, f/p - Duvessa
Aim: Duvessa, wielding a +0 short sword and wearing a +3 leather armour of cold resistance (moderately wounded, berserk, chance to affect: 70%) Duvessa writhes in agony.
Duvessa hits you with a +0 short sword! Duvessa barely misses you.
Casting: Necrotise (safe; 1% risk of failure)
Confirm with . or Enter, or press ? or * to list all spells.
Aiming: Necrotise (safe; 1% risk of failure)
Press: ? - help, Shift-Dir - straight line, f/p - Duvessa
Aim: Duvessa, wielding a +0 short sword and wearing a +3 leather armour of cold resistance (moderately wounded, berserk, chance to affect: 70%) Duvessa writhes in agony!
Duvessa misses you.
Casting: Necrotise (safe; 1% risk of failure)
Confirm with . or Enter, or press ? or * to list all spells.
Aiming: Necrotise (safe; 1% risk of failure)
Press: ? - help, Shift-Dir - straight line, f/p - Duvessa
Aim: Duvessa, wielding a +0 short sword and wearing a +3 leather armour of cold resistance (heavily wounded, berserk, chance to affect: 70%) Duvessa writhes in agony.
Duvessa hits you with a +0 short sword!
Duvessa hits you with a +0 short sword!!
Ouch! That really hurt!
You die...

#### ####### #.'#####....#.
##############.#.....#._.#.
#..............#.###.#...#.
######'#########....#...#.#####.
................#....###....#....
................#....#....###....
................#.#####.#...#....
.........#####..@.#...#.###.#....
.........# #..e.#._.#.....#....
.........#####....#....#####.####
.......>.'...#....######........#
.........###.#...#....###.......#
#######.####.....#....# #.......#
#...............#..### #.......#
#...............#..# ###.......#
#...........#...#..# #.........#


You could see Duvessa (berserk).

Vanquished Creatures
  Dowan (D:4)
  2 jellies (D:4)
  Jessica (D:2)
  Ijyb (D:3)
  Terence (D:2)
  An orc wizard (D:3)
  Natasha (thrice) (D:2)
  Robin (D:3)
  A gnoll (D:1)
  2 adders (D:3)
  An ufetubus (D:4)
  A worm (D:4)
  2 dart slugs
  6 orcs
  5 endoplasms
  3 giant cockroaches
  8 goblins
  12 hobgoblins
  8 jackals
  5 quokkas
  4 ball pythons
  5 bats
  A frilled lizard (D:2)
  5 kobolds
  6 rats
86 creatures vanquished.

Notes
Turn   | Place    | Note
-------+----------+-------------------------------------------
     0 | D:1      | Wukaii the Deep Elf Necromancer began the quest for the
                  | Orb.
     0 | D:1      | Reached XP level 1. HP: 10/10 MP: 6/6
   198 | D:1      | Reached skill level 5 in Necromancy
   327 | D:1      | Reached XP level 2. HP: 10/15 MP: 3/8
   489 | D:1      | Found a faded altar of an unknown god.
   840 | D:1      | Reached XP level 3. HP: 19/19 MP: 9/11
  1024 | D:2      | Noticed Terence
  1410 | D:2      | Noticed Jessica
  1414 | D:2      | Reached skill level 5 in Spellcasting
  1419 | D:2      | Killed Jessica
  1550 | D:2      | Reached XP level 4. HP: 21/24 MP: 9/13
  1555 | D:2      | Learned a level 4 spell: Animate Dead
  1635 | D:2      | Killed Terence
  1636 | D:2      | Reached skill level 1 in Earth Magic
  1987 | D:2      | Noticed Natasha
  1991 | D:2      | Killed Natasha
  2281 | D:2      | Noticed Natasha
  2287 | D:2      | Killed Natasha
  2288 | D:2      | Reached XP level 5. HP: 28/28 MP: 8/14
  2291 | D:2      | Noticed Natasha
  2295 | D:2      | Killed Natasha
  3150 | D:3      | Found a runed translucent door.
  3151 | D:3      | Noticed Crazy Yiuf
  3302 | D:3      | Noticed Ijyb
  3306 | D:3      | Paralysed by Ijyb for 4 turns
  3310 | D:3      | Killed Ijyb
  3345 | D:3      | Reached XP level 6. HP: 30/32 MP: 7/15
  3528 | D:3      | Noticed Robin
  3532 | D:3      | Killed Robin
  4091 | D:4      | Reached skill level 5 in Earth Magic
  4194 | D:4      | Found a blossoming altar of Fedhas.
  4503 | D:4      | Found an ornate altar of the Wu Jian Council.
  4622 | D:4      | Noticed Dowan
  4637 | D:4      | Killed Dowan
  4734 | D:4      | Noticed Duvessa
  5115 | D:5      | Entered Level 5 of the Dungeon
  5115 | D:5      | Noticed Eustachio
  5163 | D:4      | Slain by Duvessa

Illustrated notes

Levels and vault maps discovered:
D:1:      amcnicky_arrival_double_pillar, layout_loops_ring,
          basic_ecumenical_altar
D:2:      layout_loops_cross, uniq_terence, uniq_natasha, uniq_jessica
D:3:      layout_basic, roderic_serpentine_path, moated_statue,
          uniq_crazy_yiuf_cottage, uniq_robin, uniq_ijyb
D:4:      layout_basic, mainiacjoe_overflow_swirl, minmay_misc_feat_tower,
          uniq_duvessa
D:5:      layout_gridville, nicolae_ru_great_annihilating_truth,
          chequers_temple_overflow_minitemple, minmay_temple_entry_glassed_door,
          gammafunk_ghost_split, serial_shops, nicolae_shop_window_shopping,
          uniq_eustachio, uniq_sigmund

Skill      XL: |  1  2  3  4  5  6 |
---------------+-------------------+-----
Necromancy     | 5 |  5.8
Spellcasting   | 4 5 |  5.5
Earth Magic    | 3 4 5 |  5.2
Short Blades   | |  0.1
Axes           | |  0.1
Polearms       | |  0.1
Ranged Weapons | |  0.2
Throwing       | |  0.1
Dodging        | |  2.4
Stealth        | |  2.4
Conjurations   | |  0.1
Hexes          | |  0.2
Summonings     | |  0.1
Translocations | |  0.1
Transmutations | |  0.1
Fire Magic     | |  0.1
Ice Magic      | |  0.1
Air Magic      | |  0.1
Poison Magic   | |  0.1
Invocations    | |  0.1
Evocations     | |  0.4

Action                   |  1- 3 |  4- 6 || total
-------------------------+-------+-------++-------
Melee: Dagger            |     1 |     4 ||     5
       Whip              |       |     8 ||     8
 Cast: Necrotise         |    53 |   135 ||   188
Evoke: Wand              |       |     5 ||     5
  Use: Scroll            |     8 |       ||     8
       Potion            |       |     1 ||     1
 Stab: Distracted        |       |     1 ||     1
Armor: Robe              |     3 |    17 ||    20
Dodge: Dodged            |     3 |    33 ||    36

Table legend: (Time is in decaauts)
 A = Elapsed time spent in this place.
 B = Non-inter-level travel time spent in this place.
 C = Inter-level travel time spent in this place.
 D = Time resting spent in this place.
 E = Time spent auto-exploring this place.
 F = Levels seen in this place.
 G = Mean time per level.
                   A        B        C        D        E       F      G
               +--------+--------+--------+--------+--------+-----+--------+
         Total |   5165 |   4824 |    341 |    174 |   3926 |   5 | 1033.0 |
       Dungeon |   5165 |   4824 |    341 |    174 |   3926 |   5 | 1033.0 |
               +--------+--------+--------+--------+--------+-----+--------+

Top non-repeatable levels by time:
     D:3: 1826 daAuts
     D:2: 1284 daAuts
     D:1: 1037 daAuts
     D:4: 1016 daAuts
     D:5: 1 daAuts
